 Dungeon Crawl Stone Soup version 0.15-a0-717-ga3c592f (webtiles) character file.

11 4tharraofdagon the Firebug (level 2, 0/15 HPs)
             Began as a Kobold Fire Elementalist on May 10, 2014.
             Slain by an orc
             ... wielding a +0,+0 whip
              (1 damage)
             ... on Level 3 of the Dungeon.
             The game lasted 00:03:39 (306 turns).

4tharraofdagon the Firebug (KoFE)                    Turns: 306, Time: 00:03:39

HP   0/15        AC  2     Str  7      XL: 2   Next: 40%
MP   0/5         EV 15     Int 15      God:
Gold 111         SH  0     Dex 15      Spells:  1 memorised,  4 levels left

rFire  . . .     SeeInvis .     e - +0 hand axe
rCold  . . .     Clarity  .     a - +0 robe
rNeg   . . .     Conserve .     (no shield)
rPois  .         rCorr    .     (no helmet)
rElec  .         rRot     .     (no cloak)
SustAb . .       Spirit   .     (no gloves)
rMut   .         Warding  .     (no boots)
Saprov + + .     Stasis   .     (no amulet)
MR     .....                    (no ring)
                                g - +2 ring of intelligence

@: not resistant to hostile enchantments, unstealthy
A: disease resistance, carnivore 3, saprovore 2
a: no special abilities


You were on level 3 of the Dungeon.
You were not hungry.

You visited 1 branch of the dungeon, and saw 3 of its levels.

You collected 111 gold pieces.

Inventory:

Hand weapons
 e - a +0,+0 hand axe (weapon)
Missiles
 f - 4 javelins
Armour
 a - a +0 robe (worn)
Comestibles
 c - a meat ration
Scrolls
 d - a scroll of magic mapping {unknown}
 i - a scroll of noise {unknown}
 j - 2 scrolls of enchant weapon II {unknown}
 k - a scroll of remove curse {unknown}
Jewellery
 g - a +2 ring of intelligence (left hand)
Potions
 h - 2 potions of brilliance {unknown}
Books
 b - a book of Flames

   Spells                             Type                      Level
   *Flame Tongue                      Conjuration/Fire             1
   Throw Flame                        Conjuration/Fire             2
   Conjure Flame                      Conjuration/Fire             3
   Inner Flame                        Hexes/Fire                   3
   Sticky Flame                       Conjuration/Fire             4
   Fireball                           Conjuration/Fire             5


   Skills:
 - Level 2.4 Dodging
 - Level 2.6 Stealth
 + Level 2.3 Spellcasting
 * Level 1.2 Conjurations
 * Level 3.2 Fire Magic


You had 4 spell levels left.
You knew the following spells:

 Your Spells              Type           Power        Failure   Level  Hunger
a - Flame Tongue          Conj/Fire      #....        12%         1    #......


Dungeon Overview and Level Annotations

Branches:
Dungeon (3/15)

Altars:
Makhleb
Okawaru


Innate Abilities, Weirdness & Mutations

You recuperate from illness quickly.
You are small and have problems with some larger weapons.
You are carnivorous and can eat meat at any time.
You can eat rotten meat.


Message History

The giant gecko closely misses you.
The giant gecko bites you but does no damage.
The giant gecko bites you. The orc hits you with a whip.
You barely miss the orc.
The orc is moderately wounded.
The orc barely misses you. The giant gecko closely misses you.
The orc hits you with a whip.
* * * LOW HITPOINT WARNING * * *
The giant gecko closely misses you.
Casting: Flame Tongue
Confirm with . or Enter, or press ? or * to list all spells.
Aiming: Flame Tongue
Press: ? - help, Shift-Dir - straight line, f/p - giant gecko
Aim: a giant gecko (moderately wounded, clinging)
The flame tongue hits the giant gecko.
The giant gecko is heavily wounded.
The giant gecko barely misses you. The orc misses you.
The orc hits you with a whip.
You die...

#...# ###....# #.. ###...###
#.....## #.. ##.......# #.....##
#.. #........# #......# #.#
#>.......## ######...# #.#
#)..).....####...##...###.######
###.)......o....................
#..##.....##...##.#####.######
###..###..o.##o@................
#............##l####.........<...
#.......o######.# #######...#...
#.........## #o#. .# #.### #.
###.......####.#...######.######
#.......o..................(..
...........#.....####....###...
....#..........................
...#..........#.##............


You could see 2 orcs and a giant gecko.

Vanquished Creatures
  3 orcs (D:3)
  A giant cockroach (D:3)
  A hobgoblin (D:2)
  A kobold (D:1)
  A bat (D:3)
  A rat (D:3)
8 creatures vanquished.

Notes
Turn   | Place    | Note
--------------------------------------------------------------
     0 | D:1      | 4tharraofdagon, the Kobold Fire Elementalist, began the quest for the Orb.
     0 | D:1      | Reached XP level 1. HP: 10/10 MP: 3/3
    24 | D:1      | Reached skill level 1 in Conjurations
    32 | D:2      | Found an iron altar of Okawaru.
    33 | D:2      | Found a burning altar of Makhleb.
   109 | D:3      | Reached XP level 2. HP: 15/15 MP: 1/4
   306 | D:3      | Slain by an orc

Action                   || total
-------------------------++-------
Melee: Hand axe          ||    10
       Unarmed           ||     1
 Cast: Flame Tongue      ||    17
  Use: Potion            ||     1

Vault maps used:
D:1:      lemuel_arrival_funnel
D:2:      nicolae_overflow_hidden_temple, st_stairs_6, uniq_crazy_yiuf_cottage
D:3:      fedhas_altar_4
